 Dungeon Crawl Stone Soup version 0.22-a0-247-gbddf880 (webtiles) character file.

102 sankara the Cudgeler (level 4, -1/38 HPs)
             Began as a Ghoul Monk on Feb 26, 2018.
             Was a Believer of Yredelemnul.
             Slain by a worker ant (6 damage)
             ... on level 3 of the Dungeon.
             The game lasted 00:07:53 (1647 turns).

sankara the Cudgeler (Ghoul Monk)                   Turns: 1647, Time: 00:07:54

Health: -1/38      AC:  2    Str: 14    XL:     4   Next: 78%
Magic:  3/3        EV: 12    Int:  6    God:    Yredelemnul [**....]
Gold:   156        SH:  0    Dex: 11    Spells: 3/3 levels left

rFire    . . .     SeeInvis .   a - +0 mace
rCold    + . .     Gourm    .   (no shield)
rNeg     + + +     Faith    .   b - +0 robe
rPois    ∞         Spirit   .   (no helmet)
rElec    .         Reflect  .   (no cloak)
rCorr    .         Harm     .   (no gloves)
MR       .....                  (no boots)
Stlth    ++........             (no amulet)
HPRegen  0.00/turn              (no ring)
MPRegen  0.08/turn              (no ring)

@: rotting
A: rotting body, claws 1, carnivore, cold resistance 1, negative energy
resistance 3, inhibited regeneration, torment resistance, unbreathing
a: Animate Remains, Recall Undead Slaves, Injury Mirror, Renounce Religion


You were on level 3 of the Dungeon.
You worshipped Yredelemnul.
Yredelemnul was pleased with you.
You were not hungry.

You visited 1 branch of the dungeon, and saw 3 of its levels.

You collected 156 gold pieces.

Inventory:

Hand Weapons
 a - a +0 mace (weapon)
Missiles
 e - 87 stones (quivered)
Armour
 b - a +0 robe (worn)
 o - a +0 pair of gloves
   (You found it on level 2 of the Dungeon)
Scrolls
 d - a scroll of fear {unknown}
 f - 2 scrolls of magic mapping {unknown}
 g - 5 scrolls of identify {unknown}
 h - a scroll of amnesia {unknown}
 j - a scroll of remove curse {unknown}
 l - a scroll of enchant armour {unknown}
 n - a scroll of noise {unknown}
 q - a scroll of blinking {unknown}
Potions
 i - a potion of lignification {unknown}
 k - a potion of resistance {unknown}
 m - a potion of heal wounds {unknown}
 p - a potion of experience {unknown}
Comestibles
 c - 3 rations


   Skills:
 - Level 3.2 Fighting
 + Level 4.7 Maces & Flails
 - Level 2.6 Dodging
 - Level 2.1 Stealth
 + Level 1.0 Invocations


You had 3 spell levels left.
You didn't know any spells.

Dungeon Overview and Level Annotations

Branches:
Dungeon (3/15)

Altars:
Yredelemnul


Innate Abilities, Weirdness & Mutations

Your body is rotting away.
You thrive on raw meat.
You are immune to poison.
You have sharp fingernails.
You are carnivorous and can eat meat at any time.
Your flesh is cold resistant. (rC+)
You are immune to negative energy. (rN+++)
You do not regenerate when monsters are visible.
You are immune to unholy pain and torment.
You can survive without breathing.


Message History

The adder is almost dead.
The adder bites you.
You are too injured to fight recklessly!
You are too injured to fight recklessly!
You are too injured to fight recklessly!
You are too injured to fight recklessly!
You are too injured to fight recklessly!
You are too injured to fight recklessly!
You closely miss the adder.
The adder is almost dead.
The adder closely misses you. x2
You hit the adder.
You kill the adder!
Yredelemnul accepts your kill.
Your Invocations skill increases to level 1!
Some of the chunks of flesh in your inventory have rotted away.
Eating one of 2 chunks of flesh {@w0}.
You eat one of the 2 chunks of flesh {@w0}.
This raw flesh tastes great!
Eating a chunk of flesh {@w0}.
You eat the chunk of flesh {@w0}.
This raw flesh tastes great!
There is a stone staircase leading up here.
You see here a long sword.
Key pressed, stopping explore.
You enter the shallow water.
Moving in this stuff is going to be slow.
You see here a dagger.
k - a yellow potion Done exploring.
Done exploring.
You see here a club.
There is a stone staircase leading down here.
You climb downwards.
There is a stone staircase leading up here.
You see here a leather armour.
A bat comes into view.
You hit the bat but do no damage. The bat barely misses you.
The bat completely misses you. The bat hits you but does no damage.
You closely miss the bat. The bat hits you but does no damage.
The bat completely misses you.
You closely miss the bat. The bat barely misses you.
You closely miss the bat. The bat closely misses you.
You closely miss the bat. The bat hits you.
A worker ant comes into view.
The worker ant twitches its antennae in your direction.
The bat hits you but does no damage. The bat closely misses you.
You thump the bat!
You kill the bat!
Yredelemnul accepts your kill. The worker ant barely misses you.
You hit the worker ant.
The worker ant is lightly wounded.
The worker ant closely misses you.
You hit the worker ant.
The worker ant is moderately wounded.
The worker ant bites you but does no damage.
The worker ant misses you.
You closely miss the worker ant.
The worker ant is moderately wounded.
The worker ant bites you.
You hit the worker ant but do no damage.
The worker ant is moderately wounded.
The worker ant closely misses you.
You barely miss the worker ant.
The worker ant is moderately wounded.
The worker ant closely misses you. x2
You closely miss the worker ant.
The worker ant is moderately wounded.
The worker ant bites you.
You are too injured to fight recklessly!
You are too injured to fight recklessly!
You are too injured to fight recklessly!
You hit the worker ant.
The worker ant is heavily wounded.
The worker ant bites you. x2
You hit the worker ant.
The worker ant is heavily wounded.
The worker ant bites you.
You completely miss the worker ant.
The worker ant is heavily wounded.
The worker ant bites you.
You hit the worker ant but do no damage.
The worker ant is heavily wounded.
The worker ant bites you. x2
* * * LOW HITPOINT WARNING * * *
You hit the worker ant but do no damage.
The worker ant is heavily wounded.
The worker ant closely misses you. The worker ant bites you.
* * * LOW HITPOINT WARNING * * *
You hit the worker ant.
The worker ant is severely wounded.
The worker ant bites you.
* * * LOW HITPOINT WARNING * * *
Okay, then.
The worker ant closely misses you. The worker ant bites you.
* * * LOW HITPOINT WARNING * * *
The worker ant bites you.
You die...
Yredelemnul claims you as an undead slave.

###########
########.@a......###
.........###........
#.##.#..# #.###...#
##.#..###.# ..
#..[......#
#..#..###.# #
#..#..###.###..#
....#...........#
.......####.####+##


You could see a worker ant.

Vanquished Creatures
  5 adders (D:2)
  A worm (D:2)
  A leopard gecko (D:2)
  A ball python (D:1)
  3 giant cockroaches (D:1)
  4 hobgoblins
  11 bats
  5 frilled lizards
  13 goblins
  3 kobolds
  8 rats
55 creatures vanquished.

Notes
Turn   | Place    | Note
-------+----------+-------------------------------------------
     0 | D:1      | sankara the Ghoul Monk began the quest for the Orb.
     0 | D:1      | Reached XP level 1. HP: 19/19 MP: 0/0
   116 | D:1      | Reached skill level 3 in Maces & Flails
   247 | D:1      | Reached XP level 2. HP: 24/26 MP: 1/1
   533 | D:1      | Reached XP level 3. HP: 15/31 MP: 2/2
   738 | D:2      | HP: 7/31 [adder (3)]
   739 | D:2      | Reached skill level 4 in Maces & Flails
   743 | D:2      | HP: 6/31 [adder (2)]
   744 | D:2      | HP: 2/31 [goblin (4)]
  1025 | D:2      | Reached XP level 4. HP: 29/38 MP: 3/3
  1034 | D:2      | Found a basalt altar of Yredelemnul.
  1207 | D:2      | Became a worshipper of Yredelemnul the Dark
  1207 | D:2      | Reached * piety under Yredelemnul
  1207 | D:2      | Reached ** piety under Yredelemnul
  1274 | D:2      | Found a faded altar of an unknown god.
  1518 | D:2      | Reached skill level 1 in Invocations
  1630 | D:3      | HP: 9/38 [worker ant (4)]
  1635 | D:3      | HP: 7/38 [worker ant (2)]
  1642 | D:3      | HP: 5/38 [worker ant (1)]
  1647 | D:3      | Slain by a worker ant

Vault maps used:
D:1:      sevenhm_arrival_forest_fort_small_4
D:2:      lemuel_round_altar, chequers_ecumenical_altar_island,
          minmay_misc_feat_square
D:3:      vehumet_crystals, okawaru_ov_weapons_minmay, st_stairs_11

Skill      XL: |  1  2  3  4 |
---------------+-------------+-----
Maces & Flails | 3 4 |  4.7
Invocations    | 1 |  1.0
Fighting       | |  3.2
Dodging        | |  2.6
Stealth        | |  2.1

Action                   |  1- 3 |  4- 6 || total
-------------------------+-------+-------++-------
Melee: Mace              |   130 |    74 ||   204
 Stab: Sleeping          |     2 |     2 ||     4
  Eat: Chunk             |    24 |     5 ||    29
Armor: Robe              |    30 |    19 ||    49
Dodge: Dodged            |   110 |    56 ||   166

Table legend:
 A = Spawn XP
 B = Non-spawn XP
 C = Spawn XP percentage of total XP
 D = Spawn monster count
 E = Non-spawn monster count
 F = Spawn count percentage of total count
 G = Total turns spent on level
                    A         B        C        D         E        F      G
               +---------+---------+-------+---------+---------+-------+---------
         Total |       0 |     147 |   0.0 |       0 |      55 |   0.0 |  1647
               +---------+---------+-------+---------+---------+-------+---------
           D:1 |       0 |      40 |   0.0 |       0 |      27 |   0.0 |   726
           D:2 |       0 |     106 |   0.0 |       0 |      27 |   0.0 |   872
           D:3 |       0 |       1 |   0.0 |       0 |       1 |   0.0 |    49
               +---------+---------+-------+---------+---------+-------+---------

Vault maps used:
D:1:      sevenhm_arrival_forest_fort_small_4
D:2:      lemuel_round_altar, chequers_ecumenical_altar_island,
          minmay_misc_feat_square
D:3:      vehumet_crystals, okawaru_ov_weapons_minmay, st_stairs_11

Table legend:
 A = Turns spent in this place as a percentage of turns spent in the entire game.
 B = Non-inter-level travel turns spent in this place as a percentage of non-inter-level travel turns spent in the entire game.
 C = Inter-level travel turns spent in this place as a percentage of turns spent in this place.
 D = Turns resting spent in this place as a percentage of non-inter-level travel turns spent in this place.
 E = Turns spent auto-exploring this place as a percentage of non-inter-level travel turns spent in this place.
 F = Non-inter-level travel turns spent in this place divided by the number of levels of this place that you've seen.
                   A       B       C       D       E      F
               +-------+-------+-------+-------+-------+----------------------
         Total | 100.0 | 100.0 |   2.6 |  20.9 |  39.0 | 534.7
       Dungeon | 100.0 | 100.0 |   2.6 |  20.9 |  39.0 | 534.7
               +-------+-------+-------+-------+-------+----------------------

Table legend:
 A = Kills in this place as a percentage of kills in entire the game.
 B = Kills by you in this place as a percentage of kills by you in the entire game.
 C = Kills by friends in this place as a percentage of kills by friends in the entire game.
 D = Other kills in this place as a percentage of other kills in the entire game.
 E = Experience gained in this place as a percentage of experience gained in the entire game.
 F = Experience gained in this place divided by the number of levels of this place that you have seen.
                   A       B       C       D       E      F
               +-------+-------+-------+-------+-------+----------------------
         Total | 100.0 | 100.0 |   N/A |   N/A | 100.0 |  49.0
       Dungeon | 100.0 | 100.0 |   N/A |   N/A | 100.0 |  49.0
               +-------+-------+-------+-------+-------+----------------------
